 Dungeon Crawl Stone Soup version 0.26-b1-45-g23770d1d51 (webtiles) character file.

Game seed: 3029486819420605131

179 DerHolg the Vandal (level 5, -2/35 HPs)
             Began as a Halfling Hunter on Jan 6, 2021.
             Killed from afar by an orc wizard (6 damage)
             ... with a puff of flame
             ... on level 3 of the Dungeon.
             The game lasted 00:13:56 (2835 turns).

DerHolg the Vandal (Halfling Hunter)                Turns: 2835, Time: 00:13:57

Health: -2/35      AC:  7    Str: 14    XL:     5   Next: 90%
Magic:  5/5        EV: 12    Int:  9    God:
Gold:   51         SH:  5    Dex: 15    Spells: 4/4 levels left

rFire    . . .     SeeInvis .   a - +1 hunting sling
rCold    . . .     Faith    .   g - +0 buckler
rNeg     . . .     Spirit   .   l - +0 scale mail
rPois    .         Reflect  .   (no helmet)
rElec    .         Harm     .   (no cloak)
rCorr    .         Rampage  .   k - +0 pair of gloves
Will     .....                  (no boots)
Stlth    +.........             (no amulet)
HPRegen  0.11/turn              (no ring)
MPRegen  0.09/turn              (no ring)

@: no status effects
A: small, mutation resistance 1
a: no special abilities


You were on level 3 of the Dungeon.
You visited 1 branch of the dungeon, and saw 3 of its levels.

You collected 51 gold pieces.

Inventory:

Hand Weapons
 a - a +1 hunting sling (weapon)
 b - a +0 short sword
Missiles
 d - 25 sling bullets (quivered ammo)
 j - 39 stones
Armour
 g - a +0 buckler (worn)
 k - a +0 pair of gloves (worn)
 l - a +0 scale mail (worn)
Jewellery
 q - an uncursed ring of poison resistance {unknown}
Scrolls
 e - 2 scrolls of fog {unknown}
 h - 2 scrolls of teleportation {unknown}
 p - a scroll of enchant armour {unknown}
 r - a scroll of identify {unknown}
Potions
 c - a potion of curing
 f - a potion of flight {unknown}
 i - a potion of mutation {unknown}
 m - a potion of attraction {unknown}
 n - a potion of haste {unknown}
 o - 3 potions of heal wounds {unknown}


   Skills:
 + Level 2.5 Fighting
 + Level 2.1 Short Blades
 + Level 6.5 Slings
 + Level 1.7 Armour
 + Level 3.0 Dodging
 + Level 2.6 Stealth
 + Level 1.5 Shields


You had 4 spell levels left.
You didn't know any spells.
Your spell library was empty.

Dungeon Overview and Level Annotations

Branches:
Dungeon (3/15)

Altars:


Innate Abilities, Weirdness & Mutations

You are small and have problems with some larger weapons.
You are somewhat resistant to further mutation.


Message History

You block the orc wizard's attack.
Fire: 41 stones
Press: ? - help, Q - select action, (/) - cycle Shift-Dir - straight line, f/p - orc wizard
Aim: an orc wizard, wielding a +0 dagger and wearing a +0 robe (severely wounded)
You shoot a stone. The stone barely misses the orc wizard.
The orc wizard hits you but does no damage.
Fire: 40 stones
Press: ? - help, Q - select action, (/) - cycle Shift-Dir - straight line, f/p - orc wizard
Aim: an orc wizard, wielding a +0 dagger and wearing a +0 robe (severely wounded)
You shoot a stone.
The stone completely misses the orc wizard.
The orc wizard misses you.
Fire: 26 sling bullets
Press: ? - help, Q - select action, (/) - cycle Shift-Dir - straight line, f/p - orc wizard
Aim: an orc wizard, wielding a +0 dagger and wearing a +0 robe (heavily wounded)
You shoot a sling bullet.
The sling bullet closely misses the orc wizard.
The orc wizard points at you and mumbles some strange words.
The puff of flame hits you.
You die...

..###...#
#.......#
#...(...# #.......
#.....# #.....####
...######........#
.......@o(.(..(..#
....###.(((#(....#
. ######(....# ..
#...§(.....# ....
##o≈§≈......#
....##o.§$≈......#
......o≈§≈......#
#....§§.(.######
#......######


You could see an orc wizard.

Vanquished Creatures
  An orc priest (D:3)
  Natasha (thrice) (D:1)
  3 adders
  2 oozes (D:2)
  2 dart slugs (D:1)
  3 leopard geckos
  2 giant cockroaches
  5 goblins
  6 hobgoblins
  4 jackals (D:2)
  5 kobolds
  A ball python (D:2)
  5 bats
  3 frilled lizards (D:1)
  4 rats
49 creatures vanquished.

Vanquished Creatures (others)
  An orc (D:3)
1 creature vanquished.

Grand Total: 50 creatures vanquished

Notes
Turn   | Place    | Note
-------+----------+-------------------------------------------
     0 | D:1      | DerHolg the Halfling Hunter began the quest for the Orb.
     0 | D:1      | Reached XP level 1. HP: 14/14 MP: 1/1
   152 | D:1      | Reached XP level 2. HP: 5/19 MP: 2/2
   548 | D:1      | Reached skill level 6 in Slings
   904 | D:1      | Reached XP level 3. HP: 23/24 MP: 3/3
   938 | D:1      | Reached skill level 1 in Short Blades
  1187 | D:2      | Noticed Natasha
  1210 | D:1      | Killed Natasha
  1211 | D:1      | Reached skill level 1 in Armour
  1211 | D:1      | Reached XP level 4. HP: 3/29 MP: 4/4
  1739 | D:1      | Noticed Natasha
  1744 | D:1      | Killed Natasha
  1745 | D:1      | Reached skill level 1 in Shields
  2074 | D:1      | Noticed Natasha
  2079 | D:1      | Killed Natasha
  2080 | D:1      | Reached XP level 5. HP: 34/34 MP: 5/5
  2835 | D:3      | Killed from afar by an orc wizard

Illustrated notes

Levels and vault maps discovered:
D:1:      lightli_arrival_boilingwater, layout_loops_ring
D:2:      layout_basic, uniq_natasha
D:3:      layout_basic, general_overflow_altar, minmay_misc_feat_nine_boxes,
          corexii_item_surrounded_by_moat, uniq_crazy_yiuf_cottage

Skill      XL: |  1  2  3  4  5 |
---------------+----------------+-----
Slings         | 6 |  6.5
Fighting       | 2 |  2.5
Short Blades   | 1 2 |  2.1
Armour         | 1 |  1.7
Stealth        | 2 |  2.6
Shields        | 1 |  1.5
Dodging        | 3 |  3.0

Action                   |  1- 3 |  4- 6 || total
-------------------------+-------+-------++-------
Melee: Short sword       |    57 |     1 ||    58
       Hunting sling     |       |     1 ||     1
 Fire: Hunting sling     |    29 |   113 ||   142
Armor: Leather armour    |    12 |       ||    12
       Scale mail        |     2 |    15 ||    17
Dodge: Dodged            |    40 |    19 ||    59
Block: Buckler           |     5 |    13 ||    18
